Cogmind - Beta 14 @@@ ROGUE MODE // 2024.09.17 @ 09:21:45 Player: TheRandomBlokkieZ Result: Smashed by cave-in Performance ------------- Evolutions (1) 500 Regions Visited (2) 400 Robots Destroyed (34) 170 Value Destroyed (778) 778 Prototype IDs (0) 0 Alien Tech Used (0) 0 Bonus (0) 0 TOTAL SCORE: 1848 Bonus ------- None Cogmind --------- Core Integrity 0/400 Matter 214/300 Energy 265/265 System Corruption 0% Temperature Cool (0) Movement Treading (170) Location -9/Materials Parts ------- > --- POWER (1) -------- Improved Ion Engine > --- PROPULSION (3) --- Armored Treads Armored Treads Armored Treads > --- UTILITY (3) ------ Medium Storage Unit Improved Targeting Computer > --- WEAPON (2) ------- Heavy Hammer > --- INVENTORY (10) --- Flight Unit Cesium-ion Thruster Cesium-ion Thruster Cesium-ion Thruster Cesium-ion Thruster Weight Redist. System Terrain Scanner Light Cannon Improved Light Cannon Rocket Launcher Peak State ------------ > --- POWER ------------ Light Ion Engine > --- PROPULSION ------- Advanced Treads Advanced Treads Advanced Treads > --- UTILITY ---------- Heat Sink Medium Storage Unit Terrain Scan Processor > --- WEAPON ----------- EM Pulse Cannon EM Pulse Cannon > --- INVENTORY -------- Advanced Treads Flight Unit Flight Unit Flight Unit Weight Redist. System Terrain Scanner Light Assault Rifle Light Assault Rifle Light Cannon [Rating: 21] Favorites ----------- Power Light Ion Engine Engine Light Ion Engine Propulsion Advanced Treads Treads Advanced Treads Wheel Wheel Utility Medium Storage Unit Device Heat Sink Storage Medium Storage Unit Processor Terrain Scan Processor Weapon Light Assault Rifle Energy Gun Medium Laser Energy Cannon EM Pulse Cannon Ballistic Gun Light Assault Rifle Ballistic Cannon Light Cannon Launcher Mini Grenade Launcher Impact Weapon Heavy Hammer Build | -11 -10 -9 ------- Run | Yrd Mat Mat Slots Evolved 2 | . . 2 Power . | . . . Propulsion 1 | . . 1 Utility 1 | . . 1 Weapon . | . . . Parts Attached 41 | 6 2 33 Power 5 | 1 . 4 Engine 5 | 1 . 4 Core . | . . . Reactor . | . . . Propulsion 12 | 2 . 10 Treads 9 | . . 9 Leg . | . . . Wheel 3 | 2 . 1 Hover . | . . . Flight . | . . . Utility 6 | 1 1 4 Device 2 | 1 . 1 Storage 1 | . 1 . Processor 3 | . . 3 Hackware . | . . . Protection . | . . . Artifact . | . . . Weapon 18 | 2 1 15 Energy Gun 1 | 1 . . Energy Cannon 2 | . . 2 Ballistic Gun 10 | 1 1 8 Ballistic Cannon 3 | . . 3 Launcher 1 | . . 1 Special Weapon . | . . . Impact Weapon 1 | . . 1 Slashing Weapon . | . . . Piercing Weapon . | . . . Special Melee Weapon . | . . . Unidentified Prototypes . | . . . Parts Lost 10 | . . 10 Power 1 | . . 1 Propulsion 3 | . . 3 Utility 2 | . . 2 Weapon 4 | . . 4 Highest Loss Streak 3 | . . 3 To Critical Strikes . | . . . Average Slot Usage (%) 95 | . 97 94 Engine 11 | . 14 10 Treads 19 | . . 23 Wheel 10 | . 28 6 Device 9 | . 14 8 Storage 11 | . 11 11 Processor 10 | . . 12 Energy Gun 1 | . 11 . Energy Cannon 1 | . . 1 Ballistic Gun 14 | . 16 13 Ballistic Cannon 3 | . . 3 Impact Weapon 1 | . . 2 Peak Build Rating 21 | 6 7 21 Average Rating 14 | 3 6 16 On Entrance 4 | . 6 7 Naked Turns . | . . . Heaviest Build 26 | 7 17 26 Greatest Support 66 | 20 20 66 Greatest Overweight (x) 4 | . . 4 Average Overweight (x) . | . . . Largest Inventory Capacity 10 | 5 10 10 Average Capacity 9 | 5 9 10 Most Carried 10 | 1 2 10 Average Carried 7 | . . 8 Final Capacity 10 | 5 10 10 Final Carried 10 | . 2 10 Class Distribution -------------------- 76% | Mutant 23% | Scavenger-Mutant Dominant Class ---------------- Mutant | -10/Materials Mutant | -9/Materials Resources | -11 -10 -9 ----------- Run | Yrd Mat Mat Matter Collected 769 | 262 36 471 Remotely . | . . . Salvage Created 1059 | 31 113 915 Parts 82 | 2 8 72 Haulers Intercepted . | . . . Recyclers Shooed 2 | . . 2 Parts Field Recycled . | . . . Retrieved Matter . | . . . Parts Self-Destructed . | . . . Prevented . | . . . Kills | -11 -10 -9 ------- Run | Yrd Mat Mat Combat Hostiles Destroyed 25 | 1 2 22 Guns 17 | 1 2 14 Cannons 4 | . . 4 AOE 2 | . . 2 Classes Destroyed 7 | 1 1 5 Worker 3 | . . 3 Builder 2 | . 1 1 Recycler 1 | . . 1 Watcher 3 | . . 3 Swarmer 10 | . . 10 Grunt 7 | 1 2 4 Sentry 8 | . . 8 Best Kill Streak 6 | 1 2 6 Combat Bots Only 3 | 1 2 3 Max Kills in Single Turn 5 | 1 1 5 Gunslinging 1 | . . 1 Exploded 2 | . . 2 Melee . | . . . Uniques/NPCs Destroyed . | . . . Combat | -11 -10 -9 -------- Run | Yrd Mat Mat Hostile Shots Fired 277 | 2 10 265 Missed 78 | . 5 73 Damage Taken 2209 | 21 53 2135 Core 477 | 11 43 423 Absorbed by Shields 112 | . . 112 Core Remaining (%) 86 | 95 78 . Volleys Fired 144 | 2 16 126 Largest 2 | 2 2 2 Hottest 126 | 70 70 126 Shots Fired 239 | 4 29 206 Gun 218 | 4 29 185 Cannon 19 | . . 19 Launcher 2 | . . 2 Special . | . . . Kinetic 212 | 2 16 194 Thermal 15 | 2 13 . Explosive 2 | . . 2 Electromagnetic 10 | . . 10 Robot Hit Streak 13 | 3 9 13 Robot Miss Streak 7 | . 4 7 Penetration Max . | . . . Secondary Targets 2 | . . 2 Max Gunslinging Chain 1 | . . 1 Shots Hit Robots 145 | 3 18 124 Core Hits 60 | 2 5 53 Critical Kills . | . . . Critical Parts Destroyed 3 | . . 3 Critical Strikes 6 | . 1 5 Burn 1 | . 1 . Destroy 1 | . . 1 Blast 2 | . . 2 Smash 2 | . . 2 Melee Attacks 15 | . . 15 Impact 15 | . . 15 Slashing . | . . . Piercing . | . . . Sneak Attacks . | . . . Combat Hostiles . | . . . Follow-up Attacks . | . . . Damage Inflicted 1977 | 33 184 1760 Guns 1167 | 33 184 950 Cannons 216 | . . 216 Explosions 312 | . . 312 Melee 278 | . . 278 Ramming 4 | . . 4 Kinetic 1134 | 20 84 1030 Thermal 113 | 13 100 . Explosive 312 | . . 312 Electromagnetic 136 | . . 136 Impact 278 | . . 278 Slashing . | . . . Piercing . | . . . Highest Corruption . | . . . Average Corruption . | . . . Corruption Purged . | . . . Corruption Blocked . | . . . Overload Shots . | . . . Overflow Damage 97 | . . 97 Projectiles . | . . . Explosions 8 | . . 8 Melee 89 | . . 89 Knockbacks . | . . . Impact . | . . . Kinetic . | . . . Secondary . | . . . Self-Inflicted Damage 24 | . . 24 Shots 1 | . . 1 Rammed 1 | . . 1 Targets Rammed 1 | . . 1 Kicked . | . . . Crushed . | . . . Highest Temperature 72 | 72 32 36 Average Temperature 13 | 40 9 11 Received Heat Transfer 562 | 12 30 520 Siege Activations . | . . . Robots Corrupted 2 | . . 2 Combat Hostiles 2 | . . 2 Parts Fried 2 | . . 2 Impact Corruptions 4 | . . 4 Robots Melted . | . . . Combat Hostiles . | . . . Parts Melted 1 | . 1 . Heat Transferred 407 | 37 370 . Parts Sabotaged . | . . . Parts Stolen . | . . . Parts Stripped . | . . . Power Chain Reactions . | . . . Alert | -11 -10 -9 ------- Run | Yrd Mat Mat Peak Influence 339 | 20 55 339 Initial 22 | . 13 22 Average 89 | 4 32 105 Maximum Alert Level 1 | . . 1 Low Security (%) 85 | 100 100 82 Level 1 14 | . . 17 Level 2 . | . . . Level 3 . | . . . Level 4 . | . . . Level 5 . | . . . High Security . | . . . Max Security . | . . . Squads Dispatched 2 | . 1 1 Investigation . | . . . Extermination . | . . . Reinforcement 2 | . 1 1 Assault . | . . . Garrison . | . . . Intercept . | . . . Searches Triggered . | . . . Construction Impeded . | . . . Haulers Reinforced . | . . . Active Scanning Responses . | . . . Cargo Convoy Interrupts . | . . . Stealth | -11 -10 -9 --------- Run | Yrd Mat Mat Distress Signals 2 | . . 2 Communications Jammed . | . . . Distress Signals . | . . . Times Spotted 43 | 1 4 38 Peak Tracking Total 7 | 1 2 7 Tactical Retreats 2 | . . 2 Traps | -11 -10 -9 ------- Run | Yrd Mat Mat Traps Triggered 2 | . . 2 Indirectly . | . . . Trap Hack Attempts . | . . . Triggered . | . . . Disarmed . | . . . Reprogrammed . | . . . Reused . | . . . Traps Extracted . | . . . Installed . | . . . Triggered . | . . . Machines | -11 -10 -9 ---------- Run | Yrd Mat Mat Machines Disabled . | . . . Max in Single Turn . | . . . Machines Repaired . | . . . Machines Dismantled . | . . . Machines Sabotaged . | . . . Overloaded Fab Kills . | . . . Hacking | -11 -10 -9 --------- Run | Yrd Mat Mat Machines Accessed 8 | . 1 7 Terminals 7 | . 1 6 Fabricators . | . . . Repair Stations . | . . . Recycling Units 1 | . . 1 Scanalyzers . | . . . Garrison Access . | . . . Total Hacks 17 | . 3 14 Successful 8 | . 2 6 Failed 9 | . 1 8 Catastrophic 5 | . 1 4 Database Lockouts . | . . . Manual 16 | . 3 13 Terminals 16 | . 3 13 Fabricators . | . . . Repair Stations . | . . . Recycling Units 1 | . . 1 Scanalyzers . | . . . Garrison Access . | . . . Terminal Hacks 7 | . 2 5 Part Schematic 1 | . 1 . Unreport Threat 4 | . 1 3 Recall Reinforcements 1 | . . 1 Zone Layout 1 | . . 1 Fabricator Hacks . | . . . Repair Station Hacks . | . . . Recycling Unit Hacks 1 | . . 1 Report Inventory 1 | . . 1 Scanalyzer . | . . . Garrison Access Hacks . | . . . Unauthorized Hacks . | . . . Terminals . | . . . Fabricators . | . . . Repair Stations . | . . . Recycling Units . | . . . Scanalyzers . | . . . Garrison Access . | . . . Data Cores Recovered . | . . . Used . | . . . Hacking Detections 6 | . 1 5 Full Trace Events 1 | . . 1 Feedback Events . | . . . Feedback Blocked . | . . . Robot Schematics Acquired . | . . . Robots Built . | . . . Authchips . | . . . Time . | . . . Total Robot Build Rating . | . . . Part Schematics Acquired 1 | . 1 . Parts Built . | . . . Authchips . | . . . Time . | . . . Total Part Build Rating . | . . . Parts Repaired . | . . . Time . | . . . Parts Recycled . | . . . Recycled Matter . | . . . Retrieved Matter . | . . . Retrieved Components . | . . . Parts Scanalyzed . | . . . Part Schematics Acquired . | . . . Parts Damaged . | . . . Bothacking | -11 -10 -9 ------------ Run | Yrd Mat Mat Used RIF Installer . | . . . Robots Hacked . | . . . Non-combat . | . . . Combat . | . . . Robot Hacks Applied . | . . . Relay Couplers Released . | . . . Fabnet Peak Effective % . | . . . Robots Rewired . | . . . Allies Hacked . | . . . Hacks Repelled . | . . . Allies | -11 -10 -9 -------- Run | Yrd Mat Mat Total Allies . | . . . Largest Group . | . . . Highest-Rated Group . | . . . Highest-Rated Ally . | . . . Total Orders . | . . . Ally Attacks . | . . . Total Damage . | . . . Kills . | . . . Allies Corrupted . | . . . Allies Melted . | . . . Intel | -11 -10 -9 ------- Run | Yrd Mat Mat Robot Analysis Total . | . . . Derelict Logs Recovered . | . . . Drone Launches . | . . . Drone Recoveries . | . . . Exploration | -11 -10 -9 ------------- Run | Yrd Mat Mat Turns Passed 1402 | 65 219 1118 Spaces Moved 757 | 66 196 495 Core 20 | 18 . 2 Treads 330 | . . 330 Legs . | . . . Wheels 407 | 48 196 163 Hover . | . . . Flight . | . . . Fastest Speed 50 | 50 80 80 Average Speed 111 | 71 80 129 Slowest Speed 250 | 80 80 250 Overloaded Moves . | . . . Propulsion Burnouts . | . . . Robots Hopped . | . . . Cave-ins Triggered 1 | . . 1 Exploration Rate (%) 23 | 7 22 42 Regions Visited 2 Branch Regions . Pre-discovered Areas . | . . . Known Exits Taken . | . . . Unknown Exits Taken 2 | 1 1 . Scrap Searched . | . . . Spaces Dug 4 | . . 4 Terrain Destroyed 27 | . . 27 Melee 4 | . . 4 Projectile . | . . . AOE 23 | . . 23 Terrain Rammed . | . . . Walls Destroyed . | . . . Machines Disabled . | . . . Actions | -11 -10 -9 --------- Run | Yrd Mat Mat Total 1090 | 79 232 779 Wait 80 | . 14 66 Move 755 | 65 195 495 Hop . | . . . Pick Up 35 | 6 4 25 Fast Attach 12 | . . 12 Attach 17 | 6 2 9 Detach 1 | . . 1 Swap 12 | . . 12 Drop 18 | . 1 17 Fire 144 | 2 16 126 Melee 15 | . . 15 Ram . | . . . Kick . | . . . Crush 1 | . . 1 Escape Stasis . | . . . Rewire . | . . . Trap . | . . . Miscellaneous . | . . . Route ------- -11/Scrapyard -10/Materials -9/Materials (discovered 1 exit: [*Min]) History --------- Turn | Location | Event 2 | -11/Scrapyard | Met Revision 17 43 | -11/Scrapyard | Discovered new exit (range 8) 66 | -11/Scrapyard | Entered Materials 140 | -10/Materials | Discovered new exit (range 12) 285 | -10/Materials | Entered another Materials area 285 | -9/Materials | Evolved 2 slots: Propulsion x1, Utility x1 306 | -9/Materials | Build established: Mutant 825 | -9/Materials | Core integrity fell below 50% 851 | -9/Materials | Lost 3 parts (1n2w) 1185 | -9/Materials | Discovered new exit (range 16) 1320 | -9/Materials | Core integrity fell below 20% 1404 | -9/Materials | Crushed by falling debris 1404 | -9/Materials | Smashed by cave-in Last Messages --------------- Y-45 Defender suffers critical hit (Smash). Destroyed Imp. Ion Engine. Y-45 Defender system corrupted by crushing effect. Y-45 Defender system terminally corrupted. Lgt. Treads fried. Y-45 Defender suffers critical hit (Smash). Destroyed Lgt. Treads. Y-45 Defender system corrupted by crushing effect. Destroyed Heat Sink. Y-45 Defender system corrupted by crushing effect. Y-45 Defender system terminally corrupted. Beam Rifle fried. Acquired 48 matter. The unstable cave ceiling collapses. Crushed by falling debris. [Achievement: Unlikely Earthworm] [Achievement: First Step to Greatness] Map ----- +----------------------------------------------------+ | | | | | | | | | | | | | | | | | | | | | | | | | | | ??????????????????????????????????????????? | | ??????????????????????????????????????????? | | ??????????????????????????????############# | | ?????????????????????????###### | | ?????????????????????????# + | | ????????????????????###??# T # | | ????????????####??### #### # ####+#### | | ????????????"""##?# * ! # # # # | | ?????????##? "### = # + # # | | ?????????#"" ""## [[[ #/ # # # | | ?????????# ## [[[ # # ^+ ""T"" # | | ?????????# < ## [[[ # # ### """"" # | | ?????????# ;@ # # #?######### | | ?????????# ## ###### #?# ## | | ?????????## ### ###### ### " # | | ??????????## ##?# ## = ## T # | | ???????????? #??# u"" ##= ==]]## " # | | ???????????? #??# """ ##====]]## + | | ???????????? #??# "" [########## # | | ???????????? ##?# * =%#######??## ##### | | ??????????# #######+## #######???# | | ??????????# #????## | | ??????????+ #????# | | ??????????# #???## | | ??????????# ###+###+## ## #???# ! | | ??????????## ???# ??????##+###????????## | | ???????????#?????# ??????????????????????## | | ?????????????????# ???????????????????????? | | ?????????????????#????????????????????????? | | ??????????????????????????????????????????? | | ??????????????????????????????????????????? | | ??????????????????????????????????????????? | | ??????????????????????????????????????????? | | ??????????????????????????????????????????? | | ??????????????????????????????????????????? | | ??????????????????????????????????????????? | | ??????????????????????????????????????????? | +----------------------------------------------------+ Best States ------------- Heat Dissipation 38 Energy Generation 12 Energy Capacity 265 Matter Stores 300 Matter Capacity 300 Sight Range 16 Terrain Scan Density 85 Evasion (%) 50 Targeting Accuracy 6 Recoil Reduction 3 Item Schematics ----------------- Propulsion Shielding | -10/Materials | Hacked Robot Schematics ------------------ None Fabricated ------------ Nothing Alien Tech Used ----------------- None Achievements -------------- First Step to Greatness GoHome() Storm Trooper Uninvited Guest Unlikely Earthworm Challenges ------------ None Game ------ Seed BombGrenadeNanosword Manual? 0 Play Time 00:22:25 Cumulative 0.3 hours Start 2024.09.17 @ 09:00:12 End 2024.09.17 @ 09:21:45 Sessions 1 Manual Loads 0 Difficulty Rogue Special Mode None Game No. 2 Rogue 2 Adventurer 0 Explorer 0 Win Type - Total 0 Types 0/0/0/0/0/0/0/0/0 Lore% 0 Gallery% 4 Achievement% 5 Wizard Run 0 Options --------- Layout 1 ASCII 0 Keyboard 0 Movement Mouse Keybinds 0 Fullscreen 1 Font 24/Smallcaps Map View 50x35 Zoom Use 0% Tactical HUD 0 Map Filters NONE Filters NONE Steam 1 RUN: 21e3aa54-9a41-409b-a436-ad88d5a4ef48